 Dungeon Crawl Stone Soup version 0.31-a0-1074-g0b22e4e0f1 (webtiles) character file.

Game seed: 10088592672561761275

249 lunkers the Insei (level 6, -1/47 HPs)
             Began as a Meteoran Shapeshifter on Dec 1, 2023.
             Slain by an orc
             ... wielding a +0 short sword
              (3 damage)
             ... on level 4 of the Dungeon.
             The game lasted 00:02:44 (1243 turns).

lunkers the Insei (Meteoran Shapeshifter)           Turns: 1243, Time: 00:02:45

Health: -1/47      AC:  5    Str: 22    XL:     6   Next: 61%
Magic:  7/7        EV: 11    Int: 11    God:
Gold:   162        SH:  0    Dex: 16    Spells: 5/5 levels left

rFire   . .          .
                       - Unarmed
rCold   . . .        (no shield)
rNeg    . . .        g - +0 ring mail
rPois   .            (helmet currently unavailable)
rElec   .            (cloak currently unavailable)
rCorr   +            (gloves currently unavailable)
SInv    .            (boots currently unavailable)
Will    .....        (no amulet)
Stlth   +            n - ring of resist corrosion
HPRegen 0.27/turn    r - +6 ring of strength
MPRegen 0.10/turn

%: no passive effects
@: beast-form, glowing
A: beast (slay +2), sense surroundings 1, otherworldly, glowing, explore regen
a: Begin Untransformation


You were on level 4 of the Dungeon.
You were a hulking beast.
You visited 1 branch of the dungeon, and saw 4 of its levels.

You collected 162 gold pieces.

Inventory:

Armour
 a - a +0 animal skin
 g - a +0 ring mail (worn)
 t - a +0 pair of boots
Jewellery
 n - a ring of resist corrosion (left hand)
 r - a +6 ring of strength (right hand)
 u - a ring of see invisible
Talismans
 c - a beast talisman
 d - a flux talisman
Wands
 p - a wand of charming (11)
Scrolls
 f - 2 scrolls of fear {unknown}
 h - 2 scrolls of identify {unknown}
 i - 3 scrolls of enchant armour {unknown}
 j - a scroll of blinking {unknown}
 k - a scroll of silence {unknown}
 l - a scroll of fog {unknown}
 q - a scroll of poison {unknown}
Potions
 b - a potion of lignification
 e - 2 potions of haste {unknown}
 m - 2 potions of might {unknown}
 o - a potion of berserk rage {unknown}
 s - 2 potions of curing {unknown}


   Skills:
 - Level 1.1 Fighting
 - Level 2.1 Dodging
 * Level 6.9 Unarmed Combat
 + Level 5.2 Shapeshifting


You had 5 spell levels left.
You didn't know any spells.
Your spell library contained the following spells:

 Spells                   Type           Power      Damage    Failure   Level
 Shock                    Conj/Air       0%         1d3       50%         1
 Swiftness                Air            0%         N/A       86%         3
 Airstrike                Air            0%         2d(0-16)  99%         4


Dungeon Overview and Level Annotations

Branches:
Dungeon (4/15) Zot: 1177
 Temple: D:4-7

Altars:


Innate Abilities, Weirdness & Mutations

You are a hulking beast.
Your limbs bulge with bestial killing power. (Slay +2)
You passively map a small area around you.
You are easily found by Zot.
You glow in the dark.
You regain HP and MP as you explore.


Message History

The orc priest is heavily wounded.
Unknown command.
You punch the orc priest!
You kill the orc priest!
The orc wizard barely misses you. The orc hits you but does no damage.
The orc wizard barely misses you. The orc hits you with a +0 short sword.
* * * LOW HITPOINT WARNING * * *
Items here: )) [ †.
You punch the orc wizard!
The orc wizard is severely wounded.
The orc hits you but does no damage.
The orc wizard hits you with a +0 dagger.
* * * LOW HITPOINT WARNING * * *
You hit the orc wizard.
The orc wizard is severely wounded.
The orc wizard points at you and mumbles some strange words.
The magic dart hits you.
* * * LOW HITPOINT WARNING * * *
The orc misses you.
You hit the orc wizard but do no damage.
The orc wizard is severely wounded.
The orc wizard hits you but does no damage.
The orc hits you with a +0 short sword.
* * * LOW HITPOINT WARNING * * *
You closely miss the orc wizard.
The orc wizard is severely wounded.
The orc wizard hits you but does no damage.
The orc barely misses you.
Unknown command.
You completely miss the orc wizard.
The orc wizard is severely wounded.
The orc wizard casts a spell at you. The magic dart hits you.
* * * LOW HITPOINT WARNING * * *
The orc closely misses you.
Unknown command.
You punch the orc wizard!
You kill the orc wizard!
The orc hits you with a +0 short sword.
You die...

, , #. #.## * #
#..., , ## #..# * *
#. #..# ** *# #..#
# #..# , * # #oh#
#..# # #).# # ,#
#..# #..#.# #.#..#
# #..#.# #.#.. #
#....# ...#* #
##.#########.######
#................)
#####....)........
#...##........


You could see an orc.

Vanquished Creatures
  2 orc priests (D:4)
  Jessica (D:2)
  2 orc wizards
  3 gnolls (D:4)
  2 adders
  4 worms
  2 dart slugs
  8 orcs
  5 endoplasms
  4 giant cockroaches
  5 goblins
  5 hobgoblins
  2 jackals (D:2)
  7 kobolds
  2 quokkas
  6 ball pythons
  2 bats
  2 frilled lizards
  8 rats
72 creatures vanquished.

Notes
Turn   | Place    | Note
-------+----------+-------------------------------------------
     0 | D:1      | lunkers the Meteoran Shapeshifter began the quest for the
                  | Orb.
     0 | D:1      | Reached XP level 1. HP: 16/16 MP: 2/2
    89 | D:1      | Reached XP level 2. HP: 23/23 MP: 3/3
   104 | D:1      | Reached skill level 4 in Unarmed Combat
   187 | D:1      | You fall into a shaft and drop 1 floor!
   223 | D:2      | Identified the +4 spear of the Sun {heavy, Dex+4 SInv}
   247 | D:2      | Reached XP level 3. HP: 28/28 MP: 4/4
   446 | D:2      | Noticed Jessica
   451 | D:2      | Killed Jessica
   452 | D:2      | Reached skill level 5 in Unarmed Combat
   452 | D:2      | Reached XP level 4. HP: 26/35 MP: 5/5
   703 | D:3      | Reached XP level 5. HP: 36/40 MP: 6/6
   839 | D:3      | Reached skill level 6 in Unarmed Combat
   897 | D:3      | Identified the +1 whip of Fate {freeze, rC++}
  1195 | D:4      | Reached XP level 6. HP: 35/47 MP: 7/7
  1234 | D:4      | Reached skill level 5 in Shapeshifting
  1242 | D:4      | HP: 2/47 [orc wizard/magic dart (4)]
  1243 | D:4      | Slain by an orc

Illustrated notes

Levels and vault maps discovered:
D:1:      lightli_molten_gateway, layout_loops_ring,
          hellmonk_ecumenical_altar_heavens_door, dreamdust_princess_corridor
D:2:      kb_forest_paths, layout_basic, uniq_jessica
D:3:      layout_rooms
D:4:      nicolae_BIG_FREAKIN_CUBE, layout_basic, nicolae_wu_jian_wuxing_cycle,
          lemuel_round_altar, portal_sewer_entry_e, minivault_27,
          hangedman_glass_teeth

Skill      XL: |  1  2  3  4  5  6 |
---------------+-------------------+-----
Unarmed Combat | 4 5 6 |  6.9
Shapeshifting  | 4 5 |  5.2
Fighting       | |  1.1
Dodging        | |  2.1

Action                     |  1- 3 |  4- 6 || total
---------------------------+-------+-------++-------
  Melee: Unarmed           |    60 |   150 ||   210
         Punch             |     2 |     1 ||     3
 Armour: Ring mail         |    24 |    88 ||   112
         Animal skin       |     1 |       ||     1
  Dodge: Dodged            |    33 |    69 ||   102

Table legend: (Time is in decaauts)
 A = Elapsed time spent in this place.
 B = Non-inter-level travel time spent in this place.
 C = Inter-level travel time spent in this place.
 D = Time resting spent in this place.
 E = Time spent auto-exploring this place.
 F = Levels seen in this place.
 G = Mean time per level.
                   A        B        C        D        E       F      G
               +--------+--------+--------+--------+--------+-----+--------+
         Total |   1221 |   1138 |     83 |      0 |    704 |   4 |  305.2 |
       Dungeon |   1221 |   1138 |     83 |      0 |    704 |   4 |  305.2 |
               +--------+--------+--------+--------+--------+-----+--------+

Top non-repeatable levels by time:
     D:2: 503 daAuts
     D:3: 414 daAuts
     D:1: 185 daAuts
     D:4: 117 daAuts
